 Dungeon Crawl Stone Soup version 0.20.0-10-g0535bb4 (webtiles) character file.

28 mopl the Shooter (level 2, -3/24 HPs)
             Began as a Centaur Hunter on June 3, 2017.
             Slain by Menkaure (7 damage)
             ... on level 4 of the Dungeon.
             The game lasted 00:02:23 (1680 turns).

mopl the Shooter (Centaur Hunter)                   Turns: 1680, Time: 00:02:23

Health: -3/24      AC:  9    Str: 14    XL:     2   Next: 96%
Magic:  2/2        EV:  1    Int: 17    God:
Gold:   118        SH:  0    Dex:  8    Spells: 1/1 levels left

rFire    . . .     SeeInvis .   t - +0 quarterstaff "Utewot" {elec, +Blink Int+7 Dex-3} (curse)
rCold    . . .     Gourm    .   (shield currently unavailable)
rNeg     . . .     Faith    .   m - +0 plate armour
rPois    .         Spirit   .   (no helmet)
rElec    .         Reflect  .   n - +0 cloak
rCorr    .         Harm     .   (no gloves)
MR       .....                  (no barding)
Stlth    ..........             (no amulet)
Regen    0.1/turn               e - +2 ring of dexterity
MPRegen  0.1/turn               (no ring)

@: very quick
A: hooves 3, deformed body, speed 2, tough skin 3
a: Evoke Blink


You were on level 4 of the Dungeon.
You were not hungry.

You visited 1 branch of the dungeon, and saw 4 of its levels.

You collected 118 gold pieces.

Inventory:

Hand Weapons
 a - a +1 shortbow
 b - a +0 short sword
 j - a +0 hunting sling
 t - the cursed +0 quarterstaff "Utewot" (weapon) {elec, +Blink Int+7 Dex-3}
   (You found it on level 4 of the Dungeon)

   Occasionally, upon striking a foe, it will discharge some electrical energy
   and cause terrible harm.
   It affects your intelligence (+7).
   It affects your dexterity (-3).
   It lets you blink.
   It has a curse placed upon it.
Missiles
 d - 43 arrows
 i - 11 sling bullets
 k - 24 stones (quivered)
Armour
 c - a +0 leather armour
 m - a +0 plate armour (worn)
 n - a +0 cloak (worn)
Jewellery
 e - a +2 ring of dexterity (left hand)
Scrolls
 g - 2 scrolls of teleportation
 o - a scroll of recharging {unknown}
 p - a scroll of remove curse {unknown}
 r - 2 scrolls of identify {unknown}
Potions
 l - a potion of curing {unknown}
Comestibles
 f - 3 bread rations
 h - a meat ration
 q - a chunk of flesh
 s - 4 fruits


   Skills:
 - Level 2.0 Fighting
 + Level 6.6 Bows
 - Level 1.3 Dodging
 - Level 0.4 Stealth


You had one spell level left.
You didn't know any spells.

Dungeon Overview and Level Annotations

Branches:
Dungeon (4/15)
 Temple: D:4-7

Altars:

Annotations:
D:4 Edmund, Menkaure


Innate Abilities, Weirdness & Mutations

You have hooves in place of feet.
Armour fits poorly on your strangely shaped body.
You cover ground very quickly.
You have extremely tough skin. (AC +3)


Message History

The centaur skeleton hits you but does no damage.
A phantom comes into view.
Found 2 bread rations.
The phantom blinks!
Found a stone staircase leading down.
Found 13 gold pieces.
As you read the scroll labeled KUOCIGROEMYO, it crumbles to dust.
You feel strangely unstable.
It was a scroll of teleportation.
Your surroundings suddenly seem different.
Menkaure, Prince of Dust comes into view.
Menkaure shouts!
Found a scroll labeled QYCAEL HEEPO.
Wield which item (- for none, * to show all)? (? for menu, Esc to quit)
You feel clever.
You feel clumsy.
You hear the crackle of electricity.
It sticks to your hand!
t - the cursed +0 quarterstaff "Utewot" (weapon)
{elec, +Blink Int+7 Dex-3} You hit Menkaure but do no damage.
Menkaure hits you!
You die...

#.........# #+#..
#.........# #.#.#
#.###....h....####.#.#
..............o.......
##+####.##########@###
#.....#.# #####....
#...?.#.######....o###
#.....#......+.....+
#...M@#.######.....#
#.....#.# #.....#
####+##.# #.....#
#.##.# #.....# #..#.#
#.....# #.#.# #.....#
#...# ##..#
########..####


You could see Menkaure.

Vanquished Creatures
  A worm (D:2)
  A dart slug (D:1)
  A leopard gecko (D:3)
  An orc (D:3)
  2 bats
  3 giant cockroaches
  4 goblins
  A hobgoblin (D:3)
  2 kobolds (D:1)
  A frilled lizard (D:1)
  2 rats (D:1)
19 creatures vanquished.

Notes
Turn   | Place    | Note
-------+----------+-------------------------------------------
     0 | D:1      | mopl the Centaur Hunter began the quest for the Orb.
     0 | D:1      | Reached XP level 1. HP: 17/17 MP: 1/1
   633 | D:1      | Reached XP level 2. HP: 21/24 MP: 2/2
   685 | D:1      | Reached skill level 6 in Bows
  1541 | D:2      | You fall through a shaft for 2 floors!
  1541 | D:4      | Noticed Edmund
  1644 | D:4      | Got a bloodstained quarterstaff
  1650 | D:4      | Noticed a phantom
  1678 | D:4      | Noticed Menkaure
  1679 | D:4      | Identified the cursed +0 quarterstaff "Utewot" {elec, +Blink Int+7 Dex-3} (You found it on level 4 of the Dungeon)
  1680 | D:4      | Slain by Menkaure

Skill      XL: |  1  2 |
---------------+-------+-----
Bows           | 6 |  6.6
Fighting       | |  2.0
Dodging        | |  1.3
Stealth        | |  0.4

Action                   || total
-------------------------++-------
Melee: Short sword       ||    12
       Kick              ||     1
       Quarterstaff      ||     1
 Fire: Hunting sling     ||    52
       Shortbow          ||    19
  Use: Scroll            ||     1
  Eat: Chunk             ||     1
Armor: Leather armour    ||     8
       Plate armour      ||    59
Dodge: Dodged            ||     7
